 Dungeon Crawl Stone Soup version 0.19.1 (webtiles) character file.

93408 Melicamp the Unseen (level 15, -7/120 HPs)
             Began as a Spriggan Enchanter on Dec 4, 2016.
             Was the Champion of Dithmenos.
             Mangled by a spriggan rider
             ... wielding a +0 spear of venom
              (15 damage)
             ... on level 2 of the Swamp.
             The game lasted 03:31:10 (36813 turns).

Melicamp the Unseen (Spriggan Enchanter)           Turns: 36813, Time: 03:31:11

Health: -7/120     AC: 27    Str:  4    XL:     15   Next: 60%
Magic:  2/25       EV:  4    Int: 18    God:    Dithmenos [******]
Gold:   2938       SH:  3    Dex: 26    Spells: 5 memorised, 14 levels left

rFire  + . .     SeeInvis +     G - +6 dagger (venom)
rCold  + . .     Gourm    .     (armour currently unavailable)
rNeg   + + +     Faith    .     (shield restricted)
rPois  +         Spirit   .     (helmet currently unavailable)
rElec  +         Reflect  +     (cloak currently unavailable)
rCorr  +         Harm     .     (gloves unavailable)
MR     ++...     NoTele   +     (boots unavailable)
Stlth  ++++++++++               L - amulet of Faihuf Zui {Reflect rPois SH+3 SInv Stlth+}
                                s - +3 ring of slaying
                                J - +4 ring of dexterity

@: lethally poisoned (-7 -> -9), tree-form (expiring), resistant, wreathed by
umbra
A: unfitting armour, see invisible, herbivore 3, (speed 0), slow metabolism 2
a: Shadow Step, Shadow Form, Renounce Religion


You were on level 2 of the Swamp.
You worshipped Dithmenos.
Dithmenos was exalted by your worship.
You were not hungry.
You were a tree.
You visited 6 branches of the dungeon, and saw 27 of its levels.
You also visited: Ossuary, Bailey and Ice Cave.

You collected 2938 gold pieces.

Inventory:

Hand Weapons
 e - a +4 dagger of venom
 G - a +6 dagger of venom (weapon)
Armour
 g - a +2 cloak (melded)
 m - a +2 robe of fire resistance (melded)
Jewellery
 h - an uncursed ring of protection from cold
 q - an uncursed ring of resist corrosion
 s - a +3 ring of slaying (right branch)
 w - a +3 ring of evasion
 E - an uncursed ring of protection from fire
 I - an uncursed ring of positive energy
 J - a +4 ring of dexterity (left branch)
 L - the amulet of Faihuf Zui (around neck) {Reflect rPois SH+3 SInv Stlth+}
   (You found it on level 2 of the Lair of Beasts)

   [amulet of reflection]

   It shields you and reflects attacks.
   It protects you from poison.
   It lets you see invisible.
   It affects your SH (+3).
   It makes you more stealthy.
 R - the ring "Intel" {+Fly MR+}
   (You found it on level 3 of the Lair of Beasts)

   [ring of protection from magic]

   It affects your resistance to hostile enchantments.
   It lets you fly.
Wands
 f - a wand of disintegration (7/24)
 F - a wand of lightning (6/15)
 K - a wand of lightning (6/15)
 M - a wand of iceblast (9/15)
 T - a wand of enslavement (14/24)
 U - a wand of polymorph (6/24)
 W - a wand of iceblast (10/15)
 X - a wand of acid (6/15)
Scrolls
 d - a scroll of identify
 j - 4 scrolls of remove curse
 n - 3 scrolls of magic mapping
 u - 5 scrolls of fear
 v - 2 scrolls of enchant armour
 y - a scroll of blinking
 A - 9 scrolls of teleportation
 H - a scroll of recharging
 O - a scroll of amnesia
 V - 2 scrolls of fog
Potions
 a - a potion of mutation
 b - 2 potions of berserk rage
 i - 4 potions of brilliance
 k - 4 potions of resistance
 l - 3 potions of cancellation
 o - 3 potions of agility
 p - 5 potions of lignification
 t - 4 potions of curing
 x - a potion of magic
 z - 2 potions of ambrosia
 B - a potion of might
 P - a potion of haste
Books
 c - a book of Maledictions

   Spells                             Type                      Level
   a - Corona                         Hexes                        1
   b - Ensorcelled Hibernation        Hexes/Ice                    2
   c - Confuse                        Hexes                        3
   d - Tukima's Dance                 Hexes                        3
   e - Dazzling Spray                 Conjuration/Hexes            3
 N - a book of the Tempests

   Spells                             Type                      Level
   a - Static Discharge               Conjuration/Air              3
   b - Lightning Bolt                 Conjuration/Air              5
   c - Fireball                       Conjuration/Fire             5
   d - Tornado                        Air                          9
   e - Shatter                        Earth                        9
Miscellaneous
 Q - a phial of floods
Comestibles
 r - 2 fruits
 C - 3 slices of pizza
 D - 4 bread rations
 S - 13 royal jellies


   Skills:
 - Level 10.0 Fighting
 - Level 12.1 Short Blades
 - Level 17.0 Dodging
 * Level 17.9 Stealth
 - Level 6.2 Spellcasting
 - Level 10.1 Hexes
 - Level 12.8 Invocations


You had 14 spell levels left.
You knew the following spells:

 Your Spells              Type           Power        Failure   Level  Hunger
a - Corona                Hex            #####..      1%          1    None
b - Ensorcelled Hibernat  Hex/Ice        ###...       1%          2    None
c - Confuse               Hex            #####...     1%          3    ##.....
d - Dazzling Spray        Conj/Hex       ###...       4%          3    ##.....
e - Tukima's Dance        Hex            #####...     1%          3    ##.....


Dungeon Overview and Level Annotations

Branches:
Dungeon (15/15)            Temple (1/1) D:4            Lair (6/6) D:9
  Swamp (2/4) Lair:2       Spider (0/4) Lair:4        Slime (0/5) Lair:5
    Orc (2/2) D:12            Elf (1/3) Orc:2        Vaults (0/5) D:14
 Depths: D:15

Altars:
Ashenzari
Cheibriados
Dithmenos
Elyvilon
Fedhas
Gozag
Hepliaklqana
Kikubaaqudgha
Makhleb
Nemelex Xobeh
Okawaru
Qazlal
Ru
Sif Muna
Trog
Uskayaw
Vehumet
Xom
Yredelemnul
Zin
The Shining One
Beogh
Jiyva

Shops:
D:9 [!   D:10 *   Orc:2 [:*(

Annotations:
Lair:2 exclusion: lava snake
Swamp:2 exclusion: Roxanne, Roxanne


Innate Abilities, Weirdness & Mutations

You are very small and have problems with some larger weapons.
You are too small for most types of armour.
You have supernaturally acute eyesight. (SInv)
You are a herbivore.
((You cover ground extremely quickly.))
You need consume almost no food.


Message History

Your transformation is almost over.
The spriggan rider hits you but does no damage.
You are poisoned.
Casting: Confuse
Confirm with . or Enter, or press ? or * to list all spells.
Aiming: Confuse
Press: ? - help, Shift-Dir - straight line, f/p - spriggan rider
Aim: a spriggan rider, wielding a spear of venom (water, umbra, chance to defeat MR: 8%)
The spriggan rider resists with almost no effort.
You feel sick.
The vampire mosquito bites you but does no damage.
The spriggan rider hits you from afar with a spear of venom!
* * * LOW HITPOINT WARNING * * *
You emit a cloud of dark smoke.
The vampire mosquito bites you but does no damage.
You hit the vampire mosquito.
The vampire mosquito is moderately damaged.
Your shadow misses the vampire mosquito.
The spriggan rider hits you from afar with a spear of venom!
You die...

♣♣♣...♣♣♣♣♣
♣≈..≈≈..♣
♣♣♣..♣.§♣♣
♣♣♣♣♣......≈♣
♣..♣.≈..♣♣♣♣♣
♣.≈.....♣
♣....≈≈♣♣ ≈
♣≈...♣♣♣♣♣
≈≈.♣≈.!.♣≈y♣♣
≈≈...≈.....§♣♣
y.≈≈≈≈..≈≈i§♣
y.≈≈≈≈..≈≈≈.♣
§≈≈≈≈≈=.≈≈≈.♣
♣≈≈≈≈≈≈≈)...♣
≈.≈≈≈≈≈..§.♣♣
.≈§≈≈≈.≈♣♣♣≈♣
≈≈≈≈≈.≈ ♣≈≈


You could see a spriggan rider and a vampire mosquito.

Vanquished Creatures
  Frances (D:12)
  3 orc warlords (Orc:2)
  2 stone giants (Orc:2)
  A very ugly thing (Swamp:2)
  Snorg (Lair:5)
  A fire dragon (Lair:6)
  Harold (Lair:3)
  3 hydras
  3 centaur warriors
  5 vault guards (D:14)
  A death knight (D:13)
  3 alligators
  An orc high priest (Orc:2)
  Urug (Orc:2)
  Nergalle (D:10)
  2 swamp dragons
  An unseen horror (D:12)
  7 hill giants
  3 lindwurms
  A wizard (D:14)
  3 orc knights
  A phantasmal warrior (D:13)
  2 ugly things (D:11)
  3 deep elf magi
  7 orc sorcerers
  A cyclops (D:14)
  5 black mambas
  A naga mage (D:14)
  2 centaur skeletons (D:12)
  A molten gargoyle (Lair:1)
  14 spiny frogs
  4 gargoyles
  6 torpor snails (Lair:6)
  A kobold demonologist (D:14)
  A komodo dragon (shapeshifter) (D:14)
  A freezing wraith (D:13)
  An ice devil (Lair:4)
  A yaktaur (D:14)
  6 komodo dragons
  2 rime drakes (Lair:6)
  A tengu conjurer (D:14)
  A queen bee (shapeshifter) (D:14)
  A queen bee (Lair:3)
  9 trolls
  9 polar bears
  4 tyrant leeches
  12 hornets
  A two-headed ogre (D:9)
  3 bog bodies
  8 slime creatures
  4 blink frogs (Lair:6)
  A harpy skeleton (D:13)
  A meliai zombie (D:12)
  14 hippogriffs
  3 raiju (Lair:6)
  A vampire (D:11)
  A wyvern (D:14)
  3 basilisks
  25 yaks
  2 spriggans
  A wraith (D:13)
  A human (D:11)
  A hungry ghost (D:9)
  3 hogs (D:11)
  15 wargs
  12 vampire mosquitoes
  4 swamp worms
  A soldier ant (D:11)
  10 water moccasins
  7 porcupines
  3 sky beasts
  5 hell hounds (Lair:6)
  38 orc warriors
  16 black bears
  3 necrophages (D:12)
  A phantom (D:5)
  23 wolves
  12 ogres
  23 crocodiles
  6 centaurs
  3 big kobolds
  19 bullfrogs
  An elf zombie (Ossuary)
  3 wyvern zombies
  A water moccasin skeleton (D:6)
  6 scorpions
  20 killer bees
  11 wights
  2 electric eels (Lair:2)
  4 howler monkeys
  12 centaur zombies
  10 crimson imps
  3 bullfrog zombies
  A quasit (D:14)
  17 hounds
  7 jellies
  30 orc wizards
  24 orc priests
  3 bullfrog skeletons
  A gnoll shaman (Orc:1)
  4 iguanas
  A hell rat (Lair:6)
  8 worker ants
  A killer bee zombie (D:10)
  2 hound zombies (D:11)
  A hound skeleton (D:11)
  2 mummies (Ossuary)
  11 gnolls
  11 adders
  4 shadow imps
  5 oozes
  2 adder zombies (Ossuary)
  5 adder skeletons
  3 worms
  6 leopard geckos
  109 orcs
  A ball python (D:2)
  6 giant cockroaches
  12 goblins
  13 hobgoblins
  4 jackals (D:3)
  18 kobolds
  3 quokkas
  8 bats
  5 frilled lizards
  3 goblin zombies (Ossuary)
  10 hobgoblin zombies (Ossuary)
  A jackal zombie (Ossuary)
  10 kobold zombies (Ossuary)
  6 orc zombies (Ossuary)
  4 rats
  2 rat zombies (Ossuary)
  2 plants (Lair:6)
855 creatures vanquished.

Vanquished Creatures (collateral kills)
  An orc knight (Orc:2)
  4 orc warriors
  A killer bee (Lair:3)
  2 orc priests
  An orc wizard (Orc:2)
  4 orcs (Orc:2)
13 creatures vanquished.

Vanquished Creatures (others)
  12 dancing weapons
  2 bushes (D:12)
  16 fungi
  27 plants
57 creatures vanquished.

Grand Total: 925 creatures vanquished

Notes
Turn   | Place    | Note
-------+----------+-------------------------------------------
     0 | D:1      | Melicamp the Spriggan Enchanter began the quest for the Orb.
     0 | D:1      | Reached XP level 1. HP: 9/9 MP: 5/5
   202 | D:1      | Reached skill level 5 in Stealth
   215 | D:1      | Reached XP level 2. HP: 13/13 MP: 6/6
  1326 | D:2      | Reached XP level 3. HP: 16/16 MP: 8/8
  1469 | D:2      | Found a faded altar of an unknown god.
  1576 | D:2      | Reached XP level 4. HP: 21/21 MP: 7/9
  1595 | D:2      | Learned a level 2 spell: Ensorcelled Hibernation
  1599 | D:2      | Learned a level 3 spell: Confuse
  2910 | D:2      | Reached XP level 5. HP: 24/24 MP: 6/10
  3787 | D:3      | Found a stormy altar of Qazlal.
  4392 | D:4      | Found a staircase to the Ecumenical Temple.
  4409 | D:4      | Reached XP level 6. HP: 28/28 MP: 8/11
  4422 | Temple   | Entered the Ecumenical Temple
  4601 | Temple   | Became a worshipper of Dithmenos the Shadowed
  5084 | D:5      | Entered Level 5 of the Dungeon
  5232 | D:5      | Reached skill level 5 in Short Blades
  5469 | D:5      | Found a sand-covered staircase.
  5478 | Ossuary  | Entered an ossuary
  5771 | Ossuary  | Reached * piety under Dithmenos
  6090 | Ossuary  | Reached skill level 5 in Hexes
  6090 | Ossuary  | Reached XP level 7. HP: 27/32 MP: 1/14
  6930 | D:5      | Reached ** piety under Dithmenos
  7133 | D:5      | Reached XP level 8. HP: 32/36 MP: 11/15
  7483 | D:6      | Reached skill level 1 in Fighting
  7994 | D:7      | Found a flagged portal.
  8005 | D:7      | Got a jewelled hand axe
  8008 | Bailey   | Entered a bailey
  8113 | Bailey   | Noticed mmcf's ghost (novice TrMo)
  8293 | D:7      | Identified the +0 hand axe "Wojeawir" {protect, rC- Dex+5} (You found it on level 7 of the Dungeon)
  8721 | D:7      | Reached skill level 5 in Dodging
  8909 | D:7      | Reached *** piety under Dithmenos
  9728 | D:8      | Reached XP level 9. HP: 44/44 MP: 5/16
  9846 | D:8      | Reached skill level 1 in Invocations
 10323 | D:9      | Reached skill level 10 in Stealth
 10466 | D:9      | Found a staircase to the Lair.
 10467 | D:9      | Noticed a komodo dragon
 10516 | D:9      | Killed a komodo dragon
 10582 | D:9      | Noticed a troll
 10721 | D:9      | Killed a troll
 10721 | D:9      | Reached **** piety under Dithmenos
 10734 | D:9      | Found a deep blue altar of Sif Muna.
 10837 | D:9      | Reached XP level 10. HP: 49/49 MP: 12/17
 11187 | D:9      | Found Effaint's Distillery.
 11450 | D:9      | Found Rinweylle's Antique Armour Boutique.
 11583 | D:9      | Noticed a centaur warrior
 11593 | D:9      | Killed a centaur warrior
 11710 | D:10     | Entered Level 10 of the Dungeon
 11710 | D:10     | Found Panenn's General Store.
 11809 | D:10     | Noticed Nergalle
 11812 | D:10     | Reached skill level 10 in Short Blades
 11822 | D:10     | Killed Nergalle
 12033 | D:10     | Noticed a gargoyle
 12052 | D:10     | Killed a gargoyle
 12537 | D:10     | Noticed a hill giant
 12549 | D:10     | Killed a hill giant
 12549 | D:10     | Reached ***** piety under Dithmenos
 12549 | D:10     | Reached XP level 11. HP: 52/52 MP: 10/19
 12888 | D:11     | Reached skill level 5 in Spellcasting
 13243 | D:11     | Noticed a brown ugly thing
 13248 | D:11     | Killed a brown ugly thing
 13401 | D:11     | Reached skill level 5 in Fighting
 14268 | D:11     | Noticed a brown ugly thing
 14290 | D:11     | Killed a brown ugly thing
 14659 | D:12     | Noticed a hill giant
 14662 | D:12     | Killed a hill giant
 14664 | D:12     | Noticed a hill giant
 14672 | D:12     | Killed a hill giant
 14683 | D:12     | Found a staircase to the Orcish Mines.
 14843 | D:12     | Noticed a hill giant
 14866 | D:12     | Killed a hill giant
 14866 | D:12     | Reached skill level 10 in Dodging
 14866 | D:12     | Reached skill level 10 in Hexes
 15531 | D:12     | Reached XP level 12. HP: 61/61 MP: 3/22
 15937 | D:12     | Noticed Frances
 15949 | D:12     | Killed Frances
 16200 | D:12     | Found a blossoming altar of Fedhas.
 16800 | D:13     | Noticed a centaur warrior
 16807 | D:13     | Killed a centaur warrior
 17236 | D:13     | Noticed a death knight
 17244 | D:13     | Killed a death knight
 17855 | D:14     | Learned a level 3 spell: Dazzling Spray
 17923 | D:14     | Noticed a centaur warrior
 17930 | D:14     | Killed a centaur warrior
 17999 | D:14     | Reached skill level 15 in Stealth
 18047 | D:14     | Reached skill level 15 in Dodging
 18249 | D:14     | Noticed a vault guard
 18254 | D:14     | Noticed a vault guard
 18266 | D:14     | Noticed a vault guard
 18291 | D:14     | Reached XP level 13. HP: 66/66 MP: 14/23
 18983 | D:14     | Found a gate to the Vaults.
 19390 | D:15     | Entered Level 15 of the Dungeon
 20058 | Lair:1   | Entered Level 1 of the Lair of Beasts
 20529 | Lair:1   | Identified a -2 rod of inaccuracy (13/13) (You found it on level 1 of the Lair of Beasts)
 21454 | Lair:2   | Got an ancient leather armour
 21599 | Lair:2   | Got a warped pewter amulet
 21601 | Lair:2   | Identified the amulet of Faihuf Zui {Reflect rPois SH+3 SInv Stlth+} (You found it on level 2 of the Lair of Beasts)
 21733 | Lair:2   | Found a staircase to the Swamp.
 22272 | Lair:3   | Learned a level 3 spell: Tukima's Dance
 22346 | Lair:3   | Noticed Harold
 22353 | Lair:3   | Killed Harold
 22379 | Lair:3   | Got a faintly glowing jade ring
 22559 | Lair:3   | Reached skill level 10 in Fighting
 22602 | Lair:3   | Identified the ring "Intel" {+Fly MR+} (You found it on level 3 of the Lair of Beasts)
 23099 | Lair:4   | Found a hole to the Spider Nest.
 23400 | Lair:4   | Found a frozen archway.
 23415 | IceCv    | Entered an ice cave
 23635 | Lair:4   | You fall through a shaft for 2 floors!
 23635 | Lair:6   | Entered Level 6 of the Lair of Beasts
 24120 | Lair:6   | Reached ****** piety under Dithmenos
 24120 | Lair:6   | Reached skill level 5 in Invocations
 24120 | Lair:6   | Reached XP level 14. HP: 77/77 MP: 16/24
 26745 | Lair:6   | Found a runed door.
 27366 | Lair:6   | Reached skill level 10 in Invocations
 27686 | Lair:5   | Noticed Snorg
 27907 | Lair:5   | Killed Snorg
 27929 | Lair:5   | Found a runed door.
 27929 | Lair:5   | Found a viscous altar of Jiyva.
 27930 | Lair:5   | Found a staircase to the Slime Pits.
 28839 | Orc:1    | Entered Level 1 of the Orcish Mines
 29536 | Orc:2    | Entered Level 2 of the Orcish Mines
 30295 | Orc:2    | Found a staircase to the Elven Halls.
 30542 | Orc:2    | Noticed an orc warlord
 30771 | Orc:2    | Noticed Urug
 30809 | Orc:2    | Killed Urug
 31189 | Orc:2    | Killed an orc warlord
 31474 | Orc:2    | Found a roughly hewn altar of Beogh.
 31480 | Orc:2    | Found Eqeejuph's Antique Armour Boutique.
 31792 | Orc:2    | Found Synix's Book Boutique.
 31810 | Orc:2    | Found Lashen's Antique Weapon Boutique.
 31932 | Orc:2    | Found Qotrak's General Store.
 32268 | Orc:1    | Noticed a stone giant
 32278 | Orc:1    | Noticed a stone giant
 32419 | Orc:2    | Reached XP level 15. HP: 78/80 MP: 18/25
 32772 | Orc:1    | Noticed an orc warlord
 33265 | Orc:2    | Killed an orc warlord
 33627 | Orc:2    | Noticed an orc warlord
 33723 | Orc:2    | Killed an orc warlord
 35100 | Elf:1    | Entered Level 1 of the Elven Halls
 35387 | Swamp:1  | Entered Level 1 of the Swamp
 36663 | Swamp:2  | Noticed Roxanne
 36813 | Swamp:2  | Mangled by a spriggan rider

Skill      XL: |  1  2  3  4  5  6  7  8  9 10 11 12 13 14 15 |
---------------+----------------------------------------------+-----
Stealth        | 5 6 7 8 12 15 17 | 17.9
Short Blades   | 2 3 4 5 7 12 | 12.1
Spellcasting   | 3 4 6 |  6.2
Hexes          | 5 8 10 | 10.1
Fighting       | 3 6 10 | 10.0
Dodging        | 9 10 15 17 | 17.0
Invocations    | 1 5 11 12 | 12.8

Action                   |  1- 3 |  4- 6 |  7- 9 | 10-12 | 13-15 || total
-------------------------+-------+-------+-------+-------+-------++-------
Melee: Dagger            |    80 |   306 |   322 |   631 |  1409 ||  2748
 Cast: Corona            |    21 |     5 |       |     1 |    11 ||    38
       Ensorcelled Hiber |       |    32 |    38 |    73 |    90 ||   233
       Confuse           |       |    31 |    53 |    99 |   220 ||   403
       Tukima's Dance    |       |       |       |       |    49 ||    49
       Dazzling Spray    |       |       |       |       |     9 ||     9
Invok: Shadow Step       |       |       |       |     4 |     1 ||     5
Evoke: Phial of floods   |       |       |       |       |     1 ||     1
       Wand              |       |       |       |       |     2 ||     2
  Use: Scroll            |     6 |     9 |     6 |     6 |    19 ||    46
       Potion            |       |     2 |       |     4 |    10 ||    16
 Stab: Sleeping          |    15 |    29 |    42 |    72 |   147 ||   305
       Distracted        |     1 |       |     3 |     3 |    17 ||    24
       Confused          |       |    12 |    30 |    60 |   108 ||   210
       Invisible         |       |       |       |       |     2 ||     2
  Eat: Royal jelly       |       |     1 |       |       |     7 ||     8
       Bread ration      |       |     1 |     2 |     2 |     1 ||     6
       Pizza             |       |       |       |     2 |     5 ||     7
       Fruit             |       |       |       |       |     1 ||     1
Armor: Robe              |    10 |    51 |    20 |    11 |    29 ||   121
       Skin              |       |       |       |       |    63 ||    63
Dodge: Dodged            |    68 |   263 |   184 |   256 |   934 ||  1705
Block: Other             |       |       |    13 |    23 |    93 ||   129
       Reflection        |       |       |     2 |     1 |     1 ||     4
